 Dungeon Crawl Stone Soup version 0.29.1-1-gd02db6906a (webtiles) character file.

Game seed: 17580548018982809949

58 christhawk the Ruffian (level 3, -5/28 HPs)
             Began as a Draconian Transmuter on Sept 24, 2022.
             Slain by a small abomination (9 damage)
             ... created by the touch of Lugonu
             ... on level 1 of the Abyss.
             The game lasted 00:04:15 (1788 turns).

christhawk the Ruffian (Draconian Transmuter)       Turns: 1788, Time: 00:04:15

Health: -5/28      AC:  5    Str: 14    XL:     3   Next: 75%
Magic:  6/6        EV: 12    Int: 13    God:
Gold:   123        SH:  0    Dex: 11    Spells: 4/7 levels left

rFire   . . .      SeeInvis .     - Unarmed
rCold   . . .      Faith    .   (no shield)
rNeg    . . .      Spirit   .   (body armour unavailable)
rPois   .          Reflect  .   (helmet restricted)
rElec   .          Harm     .   (no cloak)
rCorr   .          Rampage  .   (no gloves)
Will    .....                   (no boots)
Stlth   +.........              (no amulet)
HPRegen 0.09/turn               (no ring)
MPRegen 0.10/turn               (no ring)

@: no status effects
A: AC +5, unfitting armour, cold-blooded
a: no special abilities


You were on level 1 of the Abyss.
You visited 1 branch of the dungeon, and saw 3 of its levels.
You visited the Abyss 1 time.

You collected 123 gold pieces.

Inventory:

Scrolls
 b - a scroll of magic mapping
 c - 5 scrolls of teleportation
 d - a scroll of immolation
Potions
 a - 2 potions of lignification
 e - a potion of flight
 f - a potion of magic
 g - 2 potions of curing {unknown}


   Skills:
 + Level 1.1 Fighting
 + Level 2.0 Dodging
 + Level 0.3 Stealth
 + Level 3.6 Unarmed Combat
 + Level 2.6 Spellcasting
 + Level 2.7 Transmutations


You had 4 spell levels left.
You knew the following spells:

 Your Spells              Type           Power      Damage    Failure   Level
a - Beastly Appendage     Tmut           16%        N/A       8%          1
b - Wereblood             Tmut           8%         N/A       12%         2

Your spell library contained the following spells:

 Spells                   Type           Power      Damage    Failure   Level
 Spider Form              Tmut/Pois      5%         N/A       38%         3
 Ice Form                 Ice/Tmut       5%         N/A       80%         4


Dungeon Overview and Level Annotations

Branches:
Dungeon (3/15)

Altars:
Lugonu


Innate Abilities, Weirdness & Mutations

Your plain brown scales are hard. (AC +5)
You cannot fit into any form of body armour.
You are cold-blooded and may be slowed by cold attacks.


Message History

You hit the kobold but do no damage. You headbutt the kobold.
You kill the kobold!
You feel sick.
You feel sick.
Things that are here:
a +1 dagger of venom; a kobold corpse You start resting.
Magic restored.
You feel sick.
You start resting.
Your horns disappear.
Your talons disappear.
You feel sick. x2
You are no longer poisoned.
You start resting.
HP restored.
Found a stone staircase leading up.
g - a metallic golden potion
c - 5 scrolls of teleportation (gained 1)
g - 2 metallic golden potions (gained 1)
Found a stone staircase leading down.
A goblin comes into view. It is wielding a +0 club.
The goblin shouts!
You hear an angry hiss.
You hear a shout! x2
Lugonu draws you home!
Lugonu sends minions to punish you. 2 ancient zymes come into view.
You are cast into the Abyss!
This branch contains the abyssal rune of Zot.
Found a corrupted altar of Lugonu.
There is an empty arch of ancient stone here.
There is nothing on the other side of the stone arch.
Lugonu's wrath scatters you! Space warps around you!
You are suddenly pulled into a different region of the Abyss!
Lugonu sends minions to punish you.
A small abomination comes into view.
The small abomination attacks as you move away!
The small abomination hits you!
Ouch! That really hurt!
The small abomination hits you!
* * * LOW HITPOINT WARNING * * *
The small abomination attacks as you move away!
The small abomination hits you!
You die...

#. #.# #.# #..#
...##..# ......###
##......# #.....#.
# #....#.# #..@.#
.. #.x#....#.#
...#####.####....
.........#......##
. ## ###.##.###...
#. #.....#.. ##..
##...## #...#
#.#...#...#
..#.......#


You could see a small abomination.

Vanquished Creatures
  2 adders (D:3)
  A dart slug (D:1)
  4 ball pythons
  6 endoplasms
  4 giant cockroaches
  A goblin (D:1)
  A hobgoblin (D:2)
  3 kobolds
  5 bats
  A frilled lizard (D:2)
  10 rats
38 creatures vanquished.

Notes
Turn   | Place    | Note
-------+----------+-------------------------------------------
     0 | D:1      | christhawk the Draconian Transmuter began the quest for the
                  | Orb.
     0 | D:1      | Reached XP level 1. HP: 16/16 MP: 3/3
   226 | D:1      | Found a faded altar of an unknown god.
   250 | D:1      | Prayed at the altar of an unknown god.
   250 | D:1      | Became a worshipper of Lugonu the Unformed
   250 | D:1      | Reached * piety under Lugonu
   250 | D:1      | Reached ** piety under Lugonu
   399 | D:1      | Reached XP level 2. HP: 17/23 MP: 3/5
  1158 | D:2      | Learned a level 2 spell: Wereblood
  1192 | D:2      | Fell from the grace of Lugonu
  1414 | D:3      | Reached XP level 3. HP: 28/28 MP: 6/6
  1754 | D:3      | Noticed an ancient zyme
  1754 | D:3      | Noticed an ancient zyme
  1754 | Abyss:1  | Cast into level 1 of the Abyss (Lugonu's touch)
  1757 | Abyss:1  | Found a corrupted altar of Lugonu.
  1777 | Abyss:1  | Noticed a small abomination
  1788 | Abyss:1  | Slain by a small abomination

Illustrated notes

Levels and vault maps discovered:
D:1:      roderic_lyre, layout_basic, hellmonk_ecumenical_altar_blasted
D:2:      layout_rooms, hex_tiny, minmay_worlds_worst_comb
D:3:      layout_rooms
Abyss:1:  base:
D:1

Skill      XL: |  1  2 |
---------------+-------+-----
Dodging        | 2 |  2.0
Fighting       | |  1.1
Stealth        | |  0.3
Unarmed Combat | |  3.6
Spellcasting   | |  2.6
Transmutations | |  2.7

Action                   || total
-------------------------++-------
Melee: Unarmed           ||    99
       Kick              ||    16
       Headbutt          ||    11
       Tailslap          ||    10
       Punch             ||     1
 Cast: Beastly Appendage ||    23
       Wereblood         ||     1
Invok: Renounce Religion ||     1
  Use: Scroll            ||     6
       Potion            ||     2
 Stab: Sleeping          ||     1
Armor: Skin              ||    35
Dodge: Dodged            ||    62
